 Dungeon Crawl Stone Soup version 0.27-a0-965-gbf8bb431c4 (webtiles) character file.

Game seed: 10634949365390407223

180 polve the Cutter (level 5, -1/41 HPs)
             Began as a Demonspawn Abyssal Knight on Apr 12, 2021.
             Was a Follower of Lugonu.
             Succumbed to a goblin's poison
             ... on level 3 of the Dungeon.
             The game lasted 00:03:30 (5085 turns).

polve the Cutter (Demonspawn Abyssal Knight)        Turns: 5085, Time: 00:03:31

Health: -1/41      AC:  3    Str: 14    XL:     5   Next: 33%
Magic:  6/6        EV: 11    Int: 13    God:    Lugonu [*.....]
Gold:   55         SH:  0    Dex: 14    Spells: 4/4 levels left

rFire    . . .     SeeInvis .   a - +1 short sword
rCold    . . .     Faith    .   (no shield)
rNeg     . . .     Spirit   .   b - +0 leather armour
rPois    .         Reflect  .   (no helmet)
rElec    .         Harm     .   (no cloak)
rCorr    .         Rampage  .   (no gloves)
Will     .....                  (no boots)
Stlth    ++........             (no amulet)
HPRegen  0.13/turn              (no ring)
MPRegen  0.10/turn              (no ring)

@: lethally poisoned (-1 -> -13), attractive
A: talons 1, thin skeletal structure 1, powered by pain 1
a: Renounce Religion, Depart the Abyss


You were on level 3 of the Dungeon.
You worshipped Lugonu.
Lugonu was aware of your devotion.
You visited 1 branch of the dungeon, and saw 3 of its levels.
You visited the Abyss 1 time.

You collected 55 gold pieces.

Inventory:

Hand Weapons
 a - a +1 short sword (weapon)
Armour
 b - a +0 leather armour (worn)
 c - a +0 helmet
 l - a +0 pair of boots
Jewellery
 m - an amulet of guardian spirit
Wands
 o - a wand of acid (6)
Scrolls
 d - 2 scrolls of teleportation {unknown}
 f - a scroll of torment {unknown}
 g - a scroll of enchant armour {unknown}
 i - 4 scrolls of identify {unknown}
 j - a scroll of magic mapping {unknown}
 k - a scroll of noise {unknown}


   Skills:
 - Level 3.0 Fighting
 + Level 5.1 Short Blades
 - Level 1.7 Armour
 - Level 0.8 Dodging
 - Level 2.4 Invocations


You had 4 spell levels left.
You didn't know any spells.
Your spell library was empty.

Dungeon Overview and Level Annotations

Branches:
Dungeon (3/15)

Altars:

Shops:
D:1 *   D:2 !

Annotations:
D:3 Robin


Innate Abilities, Weirdness & Mutations

You have sharp toenails.
You have a somewhat thin skeletal structure. (Dex +2, Stealth)
You sometimes gain a little power by taking damage.


Message History

You closely miss the goblin. Your kick misses the goblin. You hit the goblin.
You kill the goblin!
Lugonu accepts your kill.
You barely miss the goblin.
The goblin hits you with a +1 dagger of venom.
You are poisoned.
You hit the goblin.
The goblin is severely wounded.
You feel very sick. The goblin barely misses you.
You closely miss the goblin. Your kick misses the goblin.
The goblin is severely wounded.
You feel sick.
The goblin hits you with a +1 dagger of venom.
You are more poisoned.
You closely miss the goblin. Your kick misses the goblin.
The goblin is severely wounded.
* * * LOW HITPOINT WARNING * * *
You feel very sick. The goblin hits you but does no damage.
You are lethally poisoned!
You hit the goblin.
You kill the goblin!
Lugonu accepts your kill.
* * * LOW HITPOINT WARNING * * *
You feel very sick.
It was a potion of attraction.
You feel attractive to monsters.
* * * LOW HITPOINT WARNING * * *
You feel very sick.
It was a potion of might.
You feel very mighty all of a sudden.
* * * LOW HITPOINT WARNING * * *
You feel very sick.
It was a potion of cancellation.
Your magical effects are unravelling.
You feel magically purged.
You feel a little less mighty now.
You die...

#####).#.#.# #.#####.#
#......#.#.# #.......#
#.####.#.#.#########.#
#....#.#..<..#####.#
##.#.#.#####.#.....#
#...#.#...#.##.####
######...#.#.#....#
.>........g.#)####.#
########g.###@# #.#
#..g......#...# ###
#.#####.#.#...####.#
#...g.....#........#
#######.###.#....###
###.# #.####.# #...#
#......# #g###
######## #g#


There were no monsters in sight!

Vanquished Creatures
  An orc priest (D:2)
  An orc wizard (D:2)
  3 gnolls (D:2)
  3 adders (D:2)
  2 worms (D:2)
  2 dart slugs (D:1)
  5 orcs (D:2)
  3 endoplasms
  A giant cockroach (D:1)
  10 goblins
  7 hobgoblins
  4 jackals (D:2)
  2 quokkas (D:1)
  2 bats (D:2)
  A frilled lizard (D:2)
  5 kobolds
  4 rats
56 creatures vanquished.

Notes
Turn   | Place    | Note
-------+----------+-------------------------------------------
     0 | Abyss:1  | polve the Demonspawn Abyssal Knight began the quest for the
                  | Orb.
     0 | Abyss:1  | Reached XP level 1. HP: 18/18 MP: 2/2
     7 | Abyss:1  | Noticed a rakshasa
     8 | D:1      | Escaped the Abyss
    48 | D:1      | Reached skill level 2 in Short Blades
   350 | D:1      | Found a faded altar of an unknown god.
   373 | D:1      | Gained mutation: You have sharp toenails. [demonic
                  | ancestry]
   373 | D:1      | Reached XP level 2. HP: 24/24 MP: 3/3
   814 | D:1      | Found Vewud's Assorted Antiques.
  1385 | D:2      | Reached skill level 3 in Short Blades
  1419 | D:2      | Found Gaqaep Nape's Distillery.
  1449 | D:2      | Reached * piety under Lugonu
  1463 | D:2      | Gained mutation: You have a somewhat thin skeletal
                  | structure. (Dex +2, Stealth) [demonic ancestry]
  1463 | D:2      | Reached XP level 3. HP: 27/29 MP: 4/4
  3169 | D:2      | Reached skill level 4 in Short Blades
  3169 | D:2      | Gained mutation: You sometimes gain a little power by
                  | taking damage. [demonic ancestry]
  3169 | D:2      | Reached XP level 4. HP: 27/35 MP: 5/5
  4108 | D:2      | Reached XP level 5. HP: 27/41 MP: 6/6
  4525 | D:2      | Reached skill level 5 in Short Blades
  5037 | D:3      | Noticed Robin
  5084 | D:3      | HP: 2/41 [poisoned by a goblin]
  5085 | D:3      | Succumbed to a goblin's poison

Illustrated notes

Levels and vault maps discovered:
D:1:      lemuel_arrival_lava_pool, layout_basic,
          hellmonk_ecumenical_altar_inner_sanctum, serial_shops,
          nicolae_shop_overgrown_old_shop
D:2:      cheibrodos_pilgrimage, layout_loops_ring, serial_shops, shop
D:3:      layout_basic, lemuel_doored_altar, chequers_serial_rivers_micro_a,
          uniq_robin

Skill      XL: |  1  2  3  4  5 |
---------------+----------------+-----
Short Blades   | 2 3 4 5 |  5.1
Fighting       | |  3.0
Armour         | |  1.7
Dodging        | |  0.8
Invocations    | |  2.4

Action                   |  1- 3 |  4- 6 || total
-------------------------+-------+-------++-------
Melee: Short sword       |   126 |    93 ||   219
       Kick              |    26 |    25 ||    51
Invok: Depart the Abyss  |     1 |       ||     1
  Use: Potion            |       |     3 ||     3
 Stab: Sleeping          |       |     1 ||     1
Armor: Leather armour    |    22 |     8 ||    30
Dodge: Dodged            |    51 |    47 ||    98

Table legend: (Time is in decaauts)
 A = Elapsed time spent in this place.
 B = Non-inter-level travel time spent in this place.
 C = Inter-level travel time spent in this place.
 D = Time resting spent in this place.
 E = Time spent auto-exploring this place.
 F = Levels seen in this place.
 G = Mean time per level.
                   A        B        C        D        E       F      G
               +--------+--------+--------+--------+--------+-----+--------+
         Total |   5070 |   4952 |    118 |    130 |   4154 |   4 | 1267.5 |
       Dungeon |   5062 |   4944 |    118 |    130 |   4147 |   3 | 1687.3 |
         Abyss |      8 |      8 |      0 |      0 |      7 |   1 |    8.0 |
               +--------+--------+--------+--------+--------+-----+--------+

Top non-repeatable levels by time:
     D:1: 2714 daAuts
     D:2: 2180 daAuts
     D:3: 167 daAuts
 Abyss:1: 8 daAuts
